 Dungeon Crawl Stone Soup version 0.26-a0-958-gf3041fb45f (webtiles) character file.

Game seed: 14346146749856304035

108 Dracia the Stinger (level 4, -5/32 HPs)
             Began as a Demonspawn Venom Mage on Dec 1, 2020.
             Killed from afar by an orc wizard (9 damage)
             ... with a magic dart
             ... on level 3 of the Dungeon.
             The game lasted 00:11:18 (3394 turns).

Dracia the Stinger (Demonspawn Venom Mage)          Turns: 3394, Time: 00:11:19

Health: -5/32      AC:  3    Str: 10    XL:     4   Next: 58%
Magic:  0/7        EV: 12    Int: 16    God:
Gold:   93         SH:  0    Dex: 15    Spells: 1/7 levels left

rFire    . . .     SeeInvis .   l - +0 dagger
rCold    + . .     Faith    .   (no shield)
rNeg     . . .     Spirit   +   a - +1 robe
rPois    .         Reflect  .   (no helmet)
rElec    .         Harm     .   (no cloak)
rCorr    .         Rampage  .   (no gloves)
MR       .....                  (no boots)
Stlth    +++.......             d - amulet of guardian spirit
HPRegen  0.10/turn              (no ring)
MPRegen  0.10/turn              (no ring)

@: about to teleport
A: thin skeletal structure 1, cold resistance 1, magic shield
a: no special abilities


You were on level 3 of the Dungeon.
You visited 1 branch of the dungeon, and saw 3 of its levels.

You collected 93 gold pieces.


Innate Abilities, Weirdness & Mutations

You have a somewhat thin skeletal structure. (Dex +2, Stealth)
Your flesh is cold resistant. (rC+)
When hurt, damage is shared between your health and your magic reserves.


   Skills:
 - Level 1.2 Fighting
 - Level 1.7 Dodging
 + Level 2.5 Stealth
 - Level 2.0 Spellcasting
 - Level 0.8 Transmutations
 + Level 4.8 Poison Magic


You had one spell level left.
You knew the following spells:

 Your Spells              Type           Power        Failure   Level
a - Sting                 Tmut/Pois      ##..         6%          1
b - Poisonous Vapours     Pois/Air       #.....       12%         2
c - Ignite Poison         Fire/Tmut/Pois #.......     28%         3

Your spell library contained the following spells:

 Spells                   Type           Power        Failure   Level
 Olgreb's Toxic Radiance  Pois           ###.....     28%         4
 Mephitic Cloud           Conj/Pois/Air  #.......     32%         3

Inventory:

Hand Weapons
 b - a +0 dagger
 l - a +0 dagger (weapon)
Armour
 a - a +1 robe (worn)
 c - a +0 scale mail
Jewellery
 d - an amulet of guardian spirit (around neck)
Scrolls
 e - a scroll of teleportation {@r4}
 f - a scroll of identify {@r1}
 h - a scroll of remove curse {@r2}
 j - a scroll of blinking {unknown}
Potions
 g - a potion of heal wounds {unknown}
 k - a potion of cancellation {unknown}

Dungeon Overview and Level Annotations

Branches:
Dungeon (3/15)

Altars:
Okawaru
Yredelemnul
The Shining One

# ####..≈. #.
###.....≈#
#.##......§.#
#..........^##.
#.........^§§§^
#...........§.
#.......$.§§.≈
#)@(# #...#
#†..# ##
#######.{.##^≈^
#......>........
#.#####.........
#.....######
#...### #..(#


There were no monsters in sight!


Message History

You barely miss something. Something hits you.
You miss something. Something completely misses you.
You closely miss something. Something hits you.
* * * LOW HITPOINT WARNING * * *
You completely miss something. Something hits you.
* * * LOW HITPOINT WARNING * * *
You miss something. Something completely misses you.
You miss something.
An orc comes into view. It is wielding a +0 war axe.
Something hits you.
* * * LOW HITPOINT WARNING * * *
You barely miss something. Something hits you.
* * * LOW HITPOINT WARNING * * *
You see here a stone.
There is a stone staircase leading down here.
You see here a +0 whip.
Something barely misses you.
Press: ? - help, v - describe, . - travel The floor.
Unknown command.
As you read the scroll labelled ATETTA MEAJEO, it crumbles to dust.
You feel strangely unstable.
It was a scroll of teleportation.
Something hits you.
* * * LOW HITPOINT WARNING * * *
A magic dart appears from out of thin air!
The magic dart hits you.
* * * LOW HITPOINT WARNING * * *
A magic dart appears from out of thin air!
The magic dart hits you!
You die...

Skill      XL: |  1  2  3 |
---------------+----------+-----
Fighting       | 1 |  1.2
Poison Magic   | 4 |  4.8
Stealth        | 2 |  2.5
Dodging        | |  1.7
Spellcasting   | |  2.0
Transmutations | |  0.8

Action                   |  1- 3 |  4- 6 || total
-------------------------+-------+-------++-------
Melee: Unarmed           |    20 |       ||    20
       Dagger            |   127 |    26 ||   153
 Cast: Sting             |    44 |    14 ||    58
  Use: Scroll            |     6 |     1 ||     7
       Potion            |     2 |     1 ||     3
 Stab: Sleeping          |     3 |     2 ||     5
Armor: Robe              |    13 |     8 ||    21
       Scale mail        |    64 |       ||    64
Dodge: Dodged            |   102 |    10 ||   112

Levels and vault maps discovered:
D:1:      dpeg_arrival_pond, layout_basic
D:2:      layout_loops_cross, grunt_temple_overflow_holy_war,
          lemuel_coloured_pillars_altar
D:3:      layout_basic, grunt_qazlal_sundering, lemuel_crystal_altar,
          nicolae_dithmenos_through_a_glass_darkly, minmay_box_of_dots

Notes
Turn   | Place    | Note
-------+----------+-------------------------------------------
     0 | D:1      | Dracia the Demonspawn Venom Mage began the quest for the
                  | Orb.
     0 | D:1      | Reached XP level 1. HP: 13/13 MP: 3/3
   103 | D:1      | Gained mutation: When hurt, damage is shared between your
                  | health and your magic reserves. [demonic ancestry]
   103 | D:1      | Reached XP level 2. HP: 19/19 MP: 0/5
  1163 | D:1      | Reached skill level 1 in Fighting
  1424 | D:1      | Gained mutation: You have a somewhat thin skeletal
                  | structure. (Dex +2, Stealth) [demonic ancestry]
  1424 | D:1      | Reached XP level 3. HP: 23/26 MP: 6/6
  1943 | D:1      | Reached skill level 4 in Poison Magic
  2117 | D:1      | Learned a level 2 spell: Poisonous Vapours
  2121 | D:1      | Learned a level 3 spell: Ignite Poison
  2662 | D:2      | Reached skill level 2 in Stealth
  2851 | D:2      | Found a basalt altar of Yredelemnul.
  2853 | D:2      | Noticed a profane servitor
  2859 | D:2      | Gained mutation: Your flesh is cold resistant. (rC+)
                  | [demonic ancestry]
  2859 | D:2      | Reached XP level 4. HP: 32/32 MP: 7/7
  2868 | D:2      | Found a glowing golden altar of the Shining One.
  2870 | D:2      | Noticed an angel
  3088 | D:2      | Found an iron altar of Okawaru.
  3394 | D:3      | Killed from afar by an orc wizard

Vanquished Creatures
  An orc priest (D:3)
  2 adders (D:2)
  An ooze (D:1)
  A worm (D:2)
  A dart slug (D:1)
  2 leopard geckos (D:2)
  6 bats
  3 giant cockroaches
  7 goblins
  5 hobgoblins
  A ball python (D:1)
  3 frilled lizards
  10 kobolds
  6 rats
49 creatures vanquished.

Table legend: (Time is in decaauts)
 A = Elapsed time spent in this place.
 B = Non-inter-level travel time spent in this place.
 C = Inter-level travel time spent in this place.
 D = Time resting spent in this place.
 E = Time spent auto-exploring this place.
 F = Levels seen in this place.
 G = Mean time per level.
                   A        B        C        D        E       F      G
               +--------+--------+--------+--------+--------+-----+--------+
         Total |   3392 |   3283 |    109 |    502 |   2206 |   3 | 1130.7 |
       Dungeon |   3392 |   3283 |    109 |    502 |   2206 |   3 | 1130.7 |
               +--------+--------+--------+--------+--------+-----+--------+

Top non-repeatable levels by time:
     D:1: 2192 daAuts
     D:2: 1028 daAuts
     D:3: 171 daAuts

Table legend:
 A = Non-vault XP
 B = Vault XP
 C = Vault XP percentage of total XP
 D = Non-vault monster count
 E = Vault monster count
 F = Vault count percentage of total count
                 A         B        C        D         E       F
            +---------+---------+-------+---------+---------+-------
      Total |     155 |       0 |   0.0 |      49 |       0 |   0.0
            +---------+---------+-------+---------+---------+-------
        D:1 |      49 |       0 |   0.0 |      28 |       0 |   0.0
        D:2 |      57 |       0 |   0.0 |      17 |       0 |   0.0
        D:3 |      49 |       0 |   0.0 |       4 |       0 |   0.0
            +---------+---------+-------+---------+---------+-------
